 Dungeon Crawl Stone Soup version 0.26-a0-611-g354ed81 (webtiles) character file.

Game seed: 7222231058549600555

278 Hazorath the Ruffian (level 6, 0/39 HPs)
             Began as a Kobold Fighter on Sept 8, 2020.
             Splashed by Ijyb's acid (12 damage)
             ... on level 4 of the Dungeon.
             The game lasted 00:06:59 (3630 turns).

Hazorath the Ruffian (Kobold Fighter)               Turns: 3630, Time: 00:07:00

Health: 0/39       AC:  4    Str: 16    XL:     6   Next: 51%
Magic:  6/6        EV: 11    Int:  9    God:
Gold:   297        SH:  8    Dex: 14    Spells: 5/5 levels left

rFire    . . .     SeeInvis .     - Unarmed
rCold    . . .     Faith    .   g - +2 buckler
rNeg     . . .     Spirit   .   a - +1 scale mail
rPois    .         Reflect  .   (no helmet)
rElec    .         Harm     .   (no cloak)
rCorr    .                      l - +0 pair of gloves
MR       .....                  (no boots)
Stlth    +.........             (no amulet)
HPRegen  0.13/turn              (no ring)
MPRegen  0.10/turn              (no ring)

@: mighty, corroded
A: small, nightstalker 3
a: no special abilities


You were on level 4 of the Dungeon.
You visited 1 branch of the dungeon, and saw 4 of its levels.

You collected 297 gold pieces.

Inventory:

Missiles
 d - 36 poisoned darts (quivered)
 f - 22 sling bullets
 t - 10 boomerangs
Armour
 a - a +1 scale mail (worn)
 g - a +2 buckler (worn)
 l - a +0 pair of gloves (worn)
Wands
 r - a wand of disintegration (16)
Scrolls
 k - 3 scrolls of enchant armour
 m - a scroll of fog
Potions
 b - 3 potions of curing
 e - 4 potions of flight
 h - a potion of stabbing
 n - a potion of brilliance
 o - a potion of cancellation
 s - a potion of resistance
 v - a potion of heal wounds {unknown}


   Skills:
 + Level 4.5 Fighting
 - Level 2.4 Armour
 * Level 3.6 Shields
 * Level 4.6 Unarmed Combat


You had 5 spell levels left.
You didn't know any spells.
Your spell library was empty.

Dungeon Overview and Level Annotations

Branches:
Dungeon (4/15)
 Temple: D:4-7

Altars:
Cheibriados

Annotations:
D:4 Ijyb, Pikel


Innate Abilities, Weirdness & Mutations

You are small and have problems with some larger weapons.
You are completely attuned to the shadows.


Message History

The lemure is heavily wounded.
The lemure hits you but does no damage.
You punch the lemure!
The lemure is almost dead.
The lemure hits you but does no damage.
You hit the lemure.
You kill the lemure!
That felt strangely unrewarding.
Pikel says, "Time is money, and you're costing me too much!"
You closely miss Ijyb. Ijyb closely misses you.
You closely miss Ijyb. Ijyb hits you but does no damage.
You hit Ijyb but do no damage. Ijyb closely misses you.
You barely miss Ijyb.
Ijyb zaps a wand.
The bolt of acid misses you.
Pikel cracks his whip.
You punch Ijyb!
Ijyb is moderately wounded.
Ijyb screams, "I dance on your bones!"
Ijyb zaps a wand.
The bolt of acid hits you! The acid corrodes you!
You are splashed with acid!
You die...

#....... #.......#
#....... #.##.####
#.......#.###.#
#........# ##'##
#.......# ##...##
#....... ##....?##
###..#####.......#
.####...####.........
55Kg@......'.........
#####>..####........)
##..# ##.......# #.#
##.....## .# ##...##
##'## #.# #.# #.#


You could see Pikel, 2 lemures and Ijyb.

Vanquished Creatures
  Sigmund (D:4)
  2 lemures (D:4)
  2 adders
  An adder skeleton (D:2)
  4 worms
  3 dart slugs
  4 leopard geckos
  4 orcs
  7 bats
  6 giant cockroaches
  10 goblins
  4 hobgoblins
  A quokka (D:2)
  A ball python (D:1)
  4 frilled lizards
  7 kobolds
  8 rats
69 creatures vanquished.

Notes
Turn   | Place    | Note
-------+----------+-------------------------------------------
     0 | D:1      | Hazorath the Kobold Fighter began the quest for the Orb.
     0 | D:1      | Reached XP level 1. HP: 14/14 MP: 1/1
   246 | D:1      | Reached XP level 2. HP: 19/19 MP: 2/2
   788 | D:1      | Reached XP level 3. HP: 17/24 MP: 3/3
  1645 | D:2      | Reached XP level 4. HP: 28/29 MP: 4/4
  2077 | D:2      | Found a faded altar of an unknown god.
  2285 | D:3      | Found a snail-covered altar of Cheibriados.
  2819 | D:3      | Reached XP level 5. HP: 32/33 MP: 5/5
  3343 | D:4      | Noticed Sigmund
  3358 | D:4      | Killed Sigmund
  3358 | D:4      | Reached XP level 6. HP: 32/39 MP: 6/6
  3593 | D:4      | Noticed Ijyb
  3599 | D:4      | Noticed Pikel
  3630 | D:4      | Splashed by Ijyb's acid

Illustrated notes

Levels and vault maps discovered:
D:1:      dpeg_arrival_pond, layout_basic
D:2:      layout_loops_ring, chequers_ecumenical_altar_simple_redux
D:3:      layout_basic, kennysheep_slug_shrine
D:4:      layout_loops_corners, chei_slow_surprise, uniq_pikel, uniq_ijyb,
          uniq_sigmund

Skill      XL: |  1  2  3  4  5 |
---------------+----------------+-----
Unarmed Combat | 3 4 |  4.6
Fighting       | 4 |  4.5
Shields        | 3 |  3.6
Armour         | |  2.4

Action                   |  1- 3 |  4- 6 || total
-------------------------+-------+-------++-------
Melee: Unarmed           |   135 |   195 ||   330
       Punch             |     1 |       ||     1
Throw: Dart              |    14 |       ||    14
  Use: Scroll            |     3 |    10 ||    13
       Potion            |       |     3 ||     3
Armor: Scale mail        |    49 |    45 ||    94
Dodge: Dodged            |    49 |    59 ||   108
Block: Kite shield       |    19 |       ||    19
       Buckler           |    11 |    47 ||    58

Table legend: (Time is in decaauts)
 A = Elapsed time spent in this place.
 B = Non-inter-level travel time spent in this place.
 C = Inter-level travel time spent in this place.
 D = Time resting spent in this place.
 E = Time spent auto-exploring this place.
 F = Levels seen in this place.
 G = Mean time per level.
                   A        B        C        D        E       F      G
               +--------+--------+--------+--------+--------+-----+--------+
         Total |   3620 |   3430 |    190 |    620 |   2179 |   4 |  905.0 |
       Dungeon |   3620 |   3430 |    190 |    620 |   2179 |   4 |  905.0 |
               +--------+--------+--------+--------+--------+-----+--------+

Top non-repeatable levels by time:
     D:1: 1135 daAuts
     D:2: 1113 daAuts
     D:3: 1028 daAuts
     D:4: 342 daAuts
